 Dungeon Crawl Stone Soup version 0.21-a0-442-g848f44b (webtiles) character file.

204 Goblin1989 the Covert (level 5, -1/25 HPs)
             Began as a Spriggan Assassin on Nov 13, 2017.
             Slain by a hound (3 damage)
             ... on level 11 of the Dungeon.
             The game lasted 00:20:03 (1727 turns).

Goblin1989 the Covert (Spriggan Assassin)           Turns: 1727, Time: 00:20:03

Health: -1/25      AC:  3    Str:  7    XL:     5   Next: 52%
Magic:  6/6        EV: 17    Int: 12    God:
Gold:   96         SH:  0    Dex: 19    Spells: 4/4 levels left

rFire    . . .     SeeInvis +   a - +2 dagger
rCold    . . .     Gourm    .   (shield restricted)
rNeg     . . .     Faith    +   c - +0 robe
rPois    .         Spirit   .   (helmet restricted)
rElec    .         Reflect  .   d - +0 cloak
rCorr    .         Harm     .   (gloves unavailable)
MR       .....                  (boots unavailable)
Stlth    +++++.....             u - amulet of faith {!P}
HPRegen  0.08/turn              (no ring)
MPRegen  0.10/turn              (no ring)

@: very quick
A: unfitting armour, see invisible, herbivore 3, speed 3, slow metabolism 2
a: no special abilities


You were on level 11 of the Dungeon.
You were not hungry.

You visited 1 branch of the dungeon, and saw 11 of its levels.

You collected 96 gold pieces.

Inventory:

Hand Weapons
 a - a +2 dagger (weapon)
 k - a +0 short sword
 m - a +1 long sword of slicing
 v - a +0 club
 w - a +0 blowgun {@w1}
 x - a +0 dagger
 C - a +0 hunting sling
 E - a +0 short sword
 I - a +0 dagger
 J - a +0 whip
 N - a +0 quarterstaff
 S - a +0 trident
 V - a +0 spear
 Y - a +0 short sword
Missiles
 g - 8 poisoned needles
 y - 122 stones (quivered)
 G - 35 arrows
 L - 82 bolts
 Z - a throwing net {!d}
Armour
 c - a +0 robe (worn)
 d - a +0 cloak (worn)
 l - a +0 helmet
 q - a +0 robe
 B - a +2 pair of gloves
 F - a cursed -2 ring mail
 H - a +0 ring mail
 P - a +0 leather armour
 W - a +0 pair of gloves
 X - a +0 leather armour
Magical Staves
 O - an uncursed staff of power {unknown}
Jewellery
 u - an amulet of faith (around neck) {!P}
 K - a cursed -5 ring of dexterity
Scrolls
 p - a scroll of enchant weapon {unknown}
 s - a scroll of fear {unknown}
 z - a scroll of immolation {unknown}
 A - a scroll of remove curse {unknown}
 M - a scroll of teleportation {unknown}
 R - 3 scrolls of identify {@r1}
 T - a scroll of noise {unknown}
Potions
 n - a potion of resistance {unknown}
 t - a potion of brilliance {unknown}
 D - 3 potions of heal wounds {@q2, !q}
Books
 o - a book of Maledictions

   Spells                             Type                      Level
   a - Corona                         Hexes                        1
   b - Ensorcelled Hibernation        Hexes/Ice                    2
   c - Confuse                        Hexes                        3
   d - Tukima's Dance                 Hexes                        3
   e - Dazzling Spray                 Conjuration/Hexes            3
 U - a book of Callings

   Spells                             Type                      Level
   a - Summon Small Mammal            Summoning                    1
   b - Call Imp                       Summoning                    2
   c - Call Canine Familiar           Summoning                    3
   d - Summon Guardian Golem          Hexes/Summoning              3
   e - Summon Lightning Spire         Summoning/Air                4
   f - Summon Ice Beast               Ice/Summoning                4
Comestibles
 e - 3 bread rations {@e1}
 r - a royal jelly
 Q - 2 meat rations {@e2}


   Skills:
 - Level 1.5 Fighting
 - Level 2.1 Short Blades
 - Level 2.0 Throwing
 - Level 1.5 Dodging
 + Level 10.4 Stealth


You had 4 spell levels left.
You didn't know any spells.

Dungeon Overview and Level Annotations

Branches:
Dungeon (11/15)
 Temple: D:4-7         Lair: D:8-11         Orc: D:9-12

Altars:
Ashenzari
Dithmenos
Hepliaklqana
Yredelemnul

Shops:
D:7 [

Annotations:
D:3 braks's ghost, amateur DsWr
D:7 exclusion: Menkaure, Menkaure
D:10 exclusion: downstairs, EnegeticOcto's ghost, journeyman TrEE; Urug


Innate Abilities, Weirdness & Mutations

You are very small and have problems with some larger weapons.
You are too small for most types of armour.
You have supernaturally acute eyesight. (SInv)
You are a herbivore.
You cover ground extremely quickly.
You need consume almost no food.


Message History

* * * LOW HITPOINT WARNING * * *
There is a stone staircase leading down here.
You take 8 damage, and have 1/18 hp.
MASSIVE DAMAGE!!
You climb downwards.
A shadow imp comes into view.
Found a stone staircase leading up and a stone staircase leading down.
There is a stone staircase leading up here.
Really quaff
D - 4 potions of heal wounds {@q2, !q}?
You feel much better.
Health restored: 18 You see here a throwing net {!d}.
Z - a throwing net {!d};
S - a trident The shadow imp shouts!
You hear a shout!
A big kobold comes into view.
Found a stone staircase leading down.
The big kobold shouts!
The shadow imp closely misses you.
You closely miss the big kobold. You closely miss the big kobold.
The big kobold barely misses you.
An orc comes into view. It is wielding a club.
An orc comes into view. It is wielding a short sword.
The orc moves out of view.
There is a stone staircase leading up here.
The shadow imp gestures at you. Pain shoots through your body!
You take 1 damage, and have 17/18 hp.
Your magical contamination has completely faded away.
The big kobold closely misses you. The big kobold hits you.
You take 2 damage, and have 15/18 hp.
The shadow imp barely misses you.
A phantom comes into view.
An orc comes into view.
The orc moves out of view.
The helpless phantom fails to defend itself.
You skewer the phantom like a kebab!!!
You destroy the phantom!
Your life force feels restored.
Your Stealth skill increases to level 9!
You have reached level 4!
You regained 4 hp, and now have 19/22 hp.
MP restored: 5 Unknown command.
The scorpion barely misses you.
You see here a glowing long sword.
m - a glowing long sword The shadow imp gestures at you.
Pain shoots through your body!
You take 5 damage, and have 14/22 hp.
MASSIVE DAMAGE!! 2 yaks and a howler monkey come into view.
A yak comes into view.
The yak bellows! x3; The howler monkey howls!
A quokka comes into view.
You see here a helmet.
l - a helmet You enter a teleport trap!
The teleport trap disappears.
Your surroundings suddenly seem different.
A big kobold comes into view. It is wielding a short sword.
A shadow comes into view.
You see here 16 gold pieces.
A hound comes into view.
There are no items here.
The helpless big kobold fails to defend itself.
You perforate the big kobold like a sieve!!!
You kill the big kobold!
Your Stealth skill increases to level 10!
You have reached level 5!
You feel agile.
The hound barks!
The shadow slips into darkness.
The shadow flickers and vanishes for a moment.
You regained 3 hp, and now have 18/25 hp.
MP restored: 6 You see here 16 gold pieces.
You now have 96 gold pieces (gained 16).
A jelly comes into view.
The shadow hits you!
* * * LOW HITPOINT WARNING * * *
Things that are here:
a short sword; 21 stones; a big kobold corpse You take 8 damage, and have 10/25 hp.
MASSIVE DAMAGE!!
k - a short sword;
y - 122 stones (gained 21)
The jelly moves out of view.
The hound barely misses you. The shadow hits you.
* * * LOW HITPOINT WARNING * * *
You take 1 damage, and have 9/25 hp.
You hit the hound but do no damage. The hound closely misses you.
The shadow hits you!
* * * LOW HITPOINT WARNING * * *
You take 7 damage, and have 2/25 hp.
MASSIVE DAMAGE!!
Unknown command.
You hit the hound.
The hound is lightly wounded.
The hound barely misses you. The hound bites you but does no damage.
The shadow misses you.
Unknown command.
You barely miss the hound.
The hound is lightly wounded.
The hound bites you.
You die... .█ .█ .█ .█ .█...██ ████

.█ .Y.?..█
▲..█ .█
.Y.....
█..█ .█
.......
█..█
███.......
█████..█
..........
█@.....█
███.......
█hW....█
..........
█..█████
███.......
█...
█......
█....
█.....


█████J ..... .. ████ .█ █ You could see a shadow, a hound and a jelly.

Vanquished Creatures
  A phantom (D:11)
  A big kobold (D:11)
  A hound skeleton (D:4)
  An adder (D:2)
  A shadow imp (D:6)
  2 orcs
  A giant cockroach (D:1)
  2 goblins (D:1)
  A hobgoblin (D:1)
  3 jackals (D:1)
  A kobold (D:1)
  A quokka (D:4)
  A ball python skeleton (D:4)
  2 bats
  A quokka skeleton (D:6)
  3 rats (D:1)
23 creatures vanquished.

Notes
Turn   | Place    | Note
-------+----------+-------------------------------------------
     0 | D:1      | Goblin1989 the Spriggan Assassin began the quest for the Orb.
     0 | D:1      | Reached XP level 1. HP: 10/10 MP: 2/2
     0 | D:1      | Goblin1989: о_О
     0 | D:1      | Goblin1989: читер мать твою...
    40 | D:1      | Reached skill level 6 in Stealth
    93 | D:1      | Goblin1989: да мать же твою!
    93 | D:1      | Wingboner: Феечки должны страдать.
    93 | D:1      | Goblin1989: как тут будешь пацифистом, если все на тебя агрятся!
   125 | D:1      | Reached XP level 2. HP: 9/14 MP: 3/3
   254 | D:1      | Wingboner: Я тут немножко побыл частью всемирного зла (переводил заманухи форекса), теперь можно и дальше пострикать. Третью...
   344 | D:1      | Goblin1989: чисто одними дворфами решил играть?
   399 | D:1      | Wingboner: Да, по приколу посмотреть, какой длины стрик получится, пока ранний бан не поймаю.
   404 | D:1      | Wingboner: Только это может дорфа остановить.
   404 | D:1      | Goblin1989: не всегда
   404 | D:1      | Wingboner: Ну а чем ещё его убить можно в трёхрунке?
   404 | D:1      | Goblin1989: в ранних версиях они же карту абисса проверяют?
   404 | D:1      | Wingboner: Я вон в тиамат затабался, и то не умер. Сжёг ~две дюжины хилок, но убил.
   404 | D:1      | Wingboner: Не помню. Вроде в любом случае работает чувство камня.
   404 | D:1      | Wingboner: И в современных тоже.
   404 | D:1      | Goblin1989: неа, в современных карта в абиссе не проверяется
   416 | D:1      | Wingboner: СТранно.
   426 | D:1      | Goblin1989: ybabuf yt cnhdyyj
   426 | D:1      | Goblin1989: нифига не странно
   426 | D:1      | Goblin1989: я видел когда еще только играть начинал как дворф на 11 лвл спокойненько вышел из абисса
   426 | D:1      | Goblin1989: он просто выход на карте увидел и пошел к нему аккуратно
   426 | D:1      | Wingboner: Ну 11 это нормально.
   438 | D:1      | Wingboner: А вот я говорю про 2-6
   446 | D:2      | Goblin1989: ах, ну это понятно
   514 | D:2      | Found a hazy altar of Hepliaklqana.
   534 | D:2      | Reached skill level 7 in Stealth
   582 | D:3      | Noticed braks's ghost (amateur DsWr)
   812 | D:4      | Reached XP level 3. HP: 13/18 MP: 4/4
   858 | D:4      | Noticed an ogre
   937 | D:5      | Entered Level 5 of the Dungeon
   937 | D:5      | Noticed an ogre
   974 | D:5      | Noticed a centaur
   977 | D:5      | Noticed a sky beast
  1006 | D:6      | Reached skill level 8 in Stealth
  1016 | D:6      | Found a shattered altar of Ashenzari.
  1115 | D:7      | Noticed a bullfrog
  1115 | D:7      | Noticed a big kobold
  1118 | D:7      | Found a shadowy altar of Dithmenos.
  1121 | D:7      | Noticed a black bear
  1121 | D:7      | Noticed an orc warrior
  1125 | D:7      | Noticed a phantom
  1126 | D:7      | Noticed Menkaure
  1166 | D:7      | Noticed a bullfrog
  1167 | D:7      | Found a basalt altar of Yredelemnul.
  1207 | D:7      | Found Eklos's Armour Boutique.
  1245 | D:8      | Noticed a centaur warrior skeleton
  1257 | D:8      | Noticed a sky beast
  1263 | D:8      | Noticed a bullfrog
  1286 | D:10     | Entered Level 10 of the Dungeon
  1340 | D:10     | Noticed Urug
  1382 | D:11     | Noticed a scorpion
  1398 | D:9      | Noticed a hungry ghost
  1490 | D:10     | Noticed an orc warrior
  1516 | D:10     | Noticed EnegeticOcto's ghost (journeyman TrEE)
  1519 | D:10     | Noticed a wraith
  1545 | D:10     | Noticed a centaur
  1638 | D:11     | Noticed a big kobold
  1676 | D:11     | Noticed a phantom
  1682 | D:11     | Killed a phantom
  1682 | D:11     | Reached skill level 9 in Stealth
  1682 | D:11     | Reached XP level 4. HP: 19/22 MP: 5/5
  1703 | D:11     | Noticed a yak
  1703 | D:11     | Noticed a yak
  1704 | D:11     | Noticed a yak
  1714 | D:11     | Noticed a big kobold
  1717 | D:11     | Noticed a shadow
  1719 | D:11     | Killed a big kobold
  1719 | D:11     | Reached skill level 10 in Stealth
  1719 | D:11     | Reached XP level 5. HP: 18/25 MP: 6/6
  1727 | D:11     | Slain by a hound

Vault maps used:
D:1:      dpeg_arrival_arbitrary_a
D:2:      first_bread, minmay_hexomino_r4
D:3:      nicolae_overflow_crystal_walls, chequers_ecumenical_altar_twisty,
          minmay_misc_feat_chi, okawaru_trees_2
D:4:      uniq_pikel
D:5:      vehumet_crystals, minmay_temple_entry_trees,
          nicolae_ossuary_entry_giza, kennysheep_dice
D:6:      lemuel_doored_altar, cheibrodos_ashenzari_chains, minmay_ogre_servants
D:7:      yredelemnul_altar_generic, old_standard_altar, basic_altar,
          serial_shops, shop, uniq_menkaure
D:8:      lemuel_blue_sif_altar, grunt_gozag_breadcrumbs, uniq_psyche,
          uniq_erica
D:9:      old_standard_altar, david_orc_5
D:10:     serial_bayou, serial_bayou_pond_d, serial_bayou_pond_d,
          serial_bayou_pond_d, serial_bayou_lagoon_b, uniq_urug
D:11:     kennysheep_windowed_halls, erik_lair_dragon, hangedman_ranch,
          glass_columns_a, kennysheep_generic_room_13, uniq_sonja,
          uniq_gastronok

Skill      XL: |  1  2  3  4 |
---------------+-------------+-----
Stealth        | 6 7 9 10 | 10.4
Fighting       | |  1.5
Short Blades   | |  2.1
Throwing       | |  2.0
Dodging        | |  1.5

Action                   |  1- 3 |  4- 6 || total
-------------------------+-------+-------++-------
Melee: Dagger            |    81 |     4 ||    85
 Fire: Blowgun           |     2 |       ||     2
  Use: Potion            |     4 |       ||     4
       Scroll            |     2 |       ||     2
 Stab: Sleeping          |     5 |     1 ||     6
       Distracted        |     1 |       ||     1
Armor: Robe              |    30 |     1 ||    31
Dodge: Dodged            |   168 |     5 ||   173

Table legend:
 A = Spawn XP
 B = Non-spawn XP
 C = Spawn XP percentage of total XP
 D = Spawn monster count
 E = Non-spawn monster count
 F = Spawn count percentage of total count
 G = Total turns spent on level
                    A         B        C        D         E        F      G
               +---------+---------+-------+---------+---------+-------+---------
         Total |       0 |     292 |   0.0 |       0 |      23 |   0.0 |  1727
               +---------+---------+-------+---------+---------+-------+---------
           D:1 |       0 |      20 |   0.0 |       0 |      12 |   0.0 |   445
           D:2 |       0 |      13 |   0.0 |       0 |       1 |   0.0 |   114
           D:3 |       0 |       2 |   0.0 |       0 |       1 |   0.0 |   141
           D:4 |       0 |      26 |   0.0 |       0 |       4 |   0.0 |   237
           D:6 |       0 |      13 |   0.0 |       0 |       2 |   0.0 |    87
          D:10 |       0 |       3 |   0.0 |       0 |       1 |   0.0 |   327
          D:11 |       0 |     215 |   0.0 |       0 |       2 |   0.0 |    99
               +---------+---------+-------+---------+---------+-------+---------

Vault maps used:
D:1:      dpeg_arrival_arbitrary_a
D:2:      first_bread, minmay_hexomino_r4
D:3:      nicolae_overflow_crystal_walls, chequers_ecumenical_altar_twisty,
          minmay_misc_feat_chi, okawaru_trees_2
D:4:      uniq_pikel
D:5:      vehumet_crystals, minmay_temple_entry_trees,
          nicolae_ossuary_entry_giza, kennysheep_dice
D:6:      lemuel_doored_altar, cheibrodos_ashenzari_chains, minmay_ogre_servants
D:7:      yredelemnul_altar_generic, old_standard_altar, basic_altar,
          serial_shops, shop, uniq_menkaure
D:8:      lemuel_blue_sif_altar, grunt_gozag_breadcrumbs, uniq_psyche,
          uniq_erica
D:9:      old_standard_altar, david_orc_5
D:10:     serial_bayou, serial_bayou_pond_d, serial_bayou_pond_d,
          serial_bayou_pond_d, serial_bayou_lagoon_b, uniq_urug
D:11:     kennysheep_windowed_halls, erik_lair_dragon, hangedman_ranch,
          glass_columns_a, kennysheep_generic_room_13, uniq_sonja,
          uniq_gastronok
